 Dungeon Crawl Stone Soup version 0.22-a0-443-g17c3723 (webtiles) character file.

9781 Gorglomux the Cleaver (level 11, -4/68 HPs)
             Began as a Gargoyle Fighter on June 1, 2018.
             Was a Believer of Okawaru.
             Hit by a large rock thrown by a cyclops (31 damage)
             ... on level 11 of the Dungeon.
             The game lasted 00:06:28 (9005 turns).

Gorglomux the Cleaver (Gargoyle Fighter)            Turns: 9005, Time: 00:06:30

Health: -4/68      AC: 13    Str: 29    XL:     11   Next: 51%
Magic:  12/12      EV:  6    Int: 10    God:    Okawaru [**....]
Gold:   78         SH: 17    Dex:  9    Spells: 10/10 levels left

rFire    . . .     SeeInvis .   X - +0 war axe "Orb Guardian's Bane" {elec, *Contam rElec Int+2}
rCold    . . .     Gourm    .   q - +0 large shield
rNeg     + . .     Faith    .   b - +0 scale mail
rPois    ∞         Spirit   .   (no helmet)
rElec    +         Reflect  .   V - scarf {repulsion}
rCorr    .         Harm     .   (no gloves)
MR       .....                  (no boots)
Stlth    ..........             (no amulet)
HPRegen  0.21/turn              h - +5 ring of strength
MPRegen  0.13/turn              J - ring "Afez Paoph" {*Drain +Inv AC-3 Slay+3} (curse)

@: repel missiles
A: negative energy resistance 1, electricity resistance, unbreathing,
petrification resistance, rot immunity, AC +8
a: Heroism, Renounce Religion, Evoke Invisibility


You were on level 11 of the Dungeon.
You worshipped Okawaru.
Okawaru was pleased with you.
You were not hungry.

You visited 2 branches of the dungeon, and saw 12 of its levels.
You also visited: Sewer.

You collected 717 gold pieces.
You spent 639 gold pieces at shops.

Inventory:

Hand Weapons
 O - a +4 scimitar of flaming
 X - the +0 war axe "Orb Guardian's Bane" (weapon) {elec, *Contam rElec Int+2}
   (You found it on level 4 of the Dungeon)

   Occasionally, upon striking a foe, it will discharge some electrical energy
   and cause terrible harm.
   It affects your intelligence (+2).
   It insulates you from electricity.
   It causes magical contamination when unequipped.
Missiles
 Z - a throwing net (quivered)
Armour
 b - a +0 scale mail (worn)
 q - a +0 large shield (worn)
 V - a scarf of repulsion (worn)
Jewellery
 h - a +5 ring of strength (left hand)
 J - the cursed ring "Afez Paoph" (right hand) {*Drain +Inv AC-3 Slay+3}
   (You bought it in a shop on level 10 of the Dungeon)

   [ring of protection]

   It affects your AC (-3).
   It affects your accuracy and damage with ranged weapons and melee attacks
   (+3).
   It lets you turn invisible.
   It causes draining when unequipped.
   It has a curse placed upon it.
 W - a +3 ring of evasion
Wands
 D - a wand of digging (19)
 E - a wand of enslavement (31)
Scrolls
 i - 2 scrolls of enchant weapon {unknown}
 j - 2 scrolls of magic mapping {unknown}
 m - 4 scrolls of teleportation
 o - 3 scrolls of fear
 u - 2 scrolls of immolation {unknown}
 v - 3 scrolls of remove curse
 x - 4 scrolls of enchant armour
 I - a scroll of torment {unknown}
 M - a scroll of holy word {unknown}
 N - 3 scrolls of random uselessness {unknown}
 R - 2 scrolls of identify
 Y - 2 scrolls of amnesia {unknown}
Potions
 d - 2 potions of might
 k - a potion of mutation {!q}
 l - 2 potions of magic
 n - 2 potions of brilliance
 p - 3 potions of heal wounds
 s - a potion of berserk rage
 t - 2 potions of haste
 K - 2 potions of degeneration {unknown}
 P - a potion of lignification {unknown}
 Q - 2 potions of curing
 S - 3 potions of agility {unknown}
 T - 2 potions of flight
Miscellaneous
 U - a box of beasts
Comestibles
 f - 11 rations


   Skills:
 + Level 7.8 Fighting
 + Level 12.4 Axes
 + Level 7.7 Armour
 + Level 7.8 Shields
 + Level 2.1 Invocations


You had 10 spell levels left.
You didn't know any spells.
Your spell library contained the following spells:

 Spells                   Type           Power        Failure   Level  Hunger
 Magic Dart               Conj           #...         100%        1    ##.....
 Conjure Flame            Conj/Fire      #.......     100%        3    ####...
 Slow                     Hex            #.......     100%        2    ###....
 Confuse                  Hex            #.......     100%        3    ####...
 Mephitic Cloud           Conj/Pois/Air  #.......     100%        3    ####...
 Blink                    Tloc           N/A          100%        2    ###....
 Call Imp                 Summ           #.......     100%        2    ###....
 Tukima's Dance           Hex            #.......     100%        3    ####...
 Ensorcelled Hibernation  Hex/Ice        #.....       100%        2    ###....
 Corona                   Hex            #......      100%        1    ##.....
 Dazzling Spray           Conj/Hex       #.....       100%        3    ####...


Dungeon Overview and Level Annotations

Branches:
Dungeon (11/15)            Temple (1/1) D:7            Lair (0/6) D:8
    Orc (0/2) D:9

Altars:
Ashenzari
Cheibriados
Dithmenos
Elyvilon
Fedhas
Gozag
Hepliaklqana
Kikubaaqudgha
Makhleb
Nemelex Xobeh
Okawaru
Qazlal
Ru
Sif Muna
Trog
Uskayaw
Vehumet
Wu Jian
Xom
Yredelemnul
Zin
The Shining One

Shops:
D:9 }:}   D:10 ***?:

Annotations:
D:5 2 transporters, Menkaure
D:7 1 runed door


Innate Abilities, Weirdness & Mutations

You are resistant to torment.
Your stone body is resilient. (AC +8)
You are immune to poison.
You resist negative energy. (rN+)
You are resistant to electric shocks. (rElec)
You can survive without breathing.
You are immune to petrification.
You are immune to rotting.


Message History

Unknown command!
There are butts nearby!!!
You are too injured to fight recklessly!!!
You are too butt to fight recklessly!!!
You are too injured to fight recklessly!!!
You are too injured to fight recklessly!!!
Unknown command!
You are too injured to fight recklessly!!!
You are too injured to fight butt-ly!!!
You are too injured to fight recklessly!!!
You are too injured to fight recklessly!!!
There are monsters nearby!!!
You butt too injured to fight recklessly!!!
Butt butt too injured to fight recklessly!!!
You are too injured to fight recklessly!!!
You are too injured to butt recklessly!!!
Unknown command!
Okay, then!
The cyclops throws a large rock!
The large rock hits you!!!!!! rip

................
........................
.........................
..........................
...........................
...........................
...........................
...###.....................
...# #..........@..........
...###..........(..........
.....(.........###.........
...............# #.(.......
.....)...###...###.........
........## ##........C.....
........# #..............
).......## ##..............
##.......###...............


You could see a cyclops.

Vanquished Creatures
  Erica (D:9)
  3 two-headed ogres
  The ghost of galech the Skirmisher, a novice OgBe of Trog (D:6)
  A manticore (D:10)
  Joseph (D:7)
  A gargoyle (D:11)
  A troll (D:11)
  Grum (D:9)
  2 hungry ghosts (D:8)
  3 wargs (D:8)
  Duvessa (D:7)
  7 orc warriors
  3 sky beasts
  A phantom (D:11)
  3 ice beasts
  A black bear (D:9)
  An ogre (D:7)
  3 wolves (D:9)
  6 centaurs
  3 big kobolds
  3 bullfrogs
  Dowan (D:7)
  A scorpion (D:4)
  5 crimson imps
  A quasit (D:6)
  2 bullfrog skeletons
  A bullfrog zombie (D:6)
  5 orc priests
  2 jellies (D:5)
  14 orc wizards
  3 centaur skeletons
  8 hounds
  A human skeleton (D:7)
  6 iguanas
  7 worker ants
  2 killer bee zombies
  A hound zombie (D:6)
  2 hound skeletons
  7 gnolls
  8 adders
  A river rat (Sewer)
  A shadow imp (D:5)
  An ooze (D:2)
  3 adder zombies
  An adder skeleton (D:4)
  2 worms
  2 dart slugs
  3 leopard geckos
  49 orcs
  A giant cockroach (D:6)
  3 goblins
  4 hobgoblins
  4 jackals
  24 kobolds
  2 quokkas (D:3)
  9 bats
  3 frilled lizards
  A quokka skeleton (D:10)
  14 rats
  2 fungi (D:7)
254 creatures vanquished.

Notes
Turn   | Place    | Note
-------+----------+-------------------------------------------
     0 | D:1      | Gorglomux the Gargoyle Fighter began the quest for the Orb.
     0 | D:1      | Reached XP level 1. HP: 14/14 MP: 1/1
    32 | D:1      | Reached skill level 2 in Axes
   193 | D:1      | Reached XP level 2. HP: 17/19 MP: 2/2
   541 | D:2      | Reached skill level 3 in Axes
   541 | D:2      | Reached XP level 3. HP: 22/23 MP: 3/3
   727 | D:2      | Found an opulent altar of Gozag.
   758 | D:2      | Found a shattered altar of Ashenzari.
   823 | D:2      | Reached XP level 4. HP: 24/28 MP: 4/4
   929 | D:2      | Found a bloodstained altar of Trog.
   993 | D:3      | Reached skill level 4 in Axes
  1380 | D:3      | Reached XP level 5. HP: 25/32 MP: 5/5
  1769 | D:4      | Reached skill level 5 in Axes
  1796 | D:4      | Got an ichor-stained war axe
  1805 | D:4      | Found a radiant altar of Vehumet.
  1821 | D:3      | Identified the cursed +0 war axe "Orb Guardian's Bane" {elec, *Contam rElec Int+2} (You found it on level 4 of the Dungeon)
  1953 | D:4      | Reached XP level 6. HP: 33/37 MP: 6/6
  2331 | D:5      | Entered Level 5 of the Dungeon
  2346 | D:5      | Noticed an ice beast
  2354 | D:5      | Killed an ice beast
  2354 | D:5      | Reached skill level 6 in Axes
  2488 | D:5      | Reached XP level 7. HP: 40/41 MP: 7/7
  2521 | D:5      | Reached skill level 7 in Axes
  2565 | D:5      | Found a transporter.
  2571 | D:5      | Found a transporter.
  2590 | D:5      | Found an ancient bone altar of Kikubaaqudgha.
  2594 | D:5      | Noticed Menkaure
  2600 | D:5      | Found a basalt altar of Yredelemnul.
  2602 | D:5      | Noticed a wraith
  2664 | D:5      | Found a basalt altar of Yredelemnul.
  2913 | D:5      | Reached skill level 8 in Axes
  2931 | D:5      | Reached XP level 8. HP: 45/46 MP: 8/8
  3152 | D:6      | Reached skill level 9 in Axes
  3181 | D:6      | Found a glowing drain.
  3247 | D:6      | Noticed galech's ghost (novice OgBe)
  3254 | Sewer    | Entered a sewer
  3335 | Sewer    | Found a white marble altar of Elyvilon.
  3693 | D:6      | Reached skill level 10 in Axes
  3701 | D:6      | Reached XP level 9. HP: 38/51 MP: 9/9
  3922 | D:6      | Killed galech's ghost
  3922 | D:6      | Reached skill level 11 in Axes
  4200 | D:7      | Noticed Joseph
  4218 | D:7      | Killed Joseph
  4321 | D:7      | Found a glowing silver altar of Zin.
  4465 | D:7      | Found a runed door.
  4476 | D:7      | Found a basalt altar of Yredelemnul.
  4486 | D:7      | Noticed Duvessa
  4486 | D:7      | Noticed Dowan
  4754 | D:7      | Killed Duvessa
  4773 | D:7      | Killed Dowan
  4816 | D:7      | Found a staircase to the Ecumenical Temple.
  4833 | D:7      | Reached XP level 10. HP: 25/58 MP: 10/10
  4841 | Temple   | Entered the Ecumenical Temple
  5572 | D:8      | Noticed a two-headed ogre
  5581 | D:8      | Killed a two-headed ogre
  5928 | D:8      | Noticed a two-headed ogre
  5938 | D:8      | Killed a two-headed ogre
  5938 | D:8      | Reached skill level 6 in Fighting
  5938 | D:8      | Reached skill level 6 in Armour
  5938 | D:8      | Reached skill level 6 in Shields
  6113 | D:8      | Found a staircase to the Lair.
  6122 | D:8      | Reached skill level 12 in Axes
  6450 | D:8      | Found an iron altar of Okawaru.
  6452 | D:8      | Found a shadowy altar of Dithmenos.
  6453 | D:8      | Found a deep blue altar of Sif Muna.
  6497 | D:8      | Became a worshipper of Warmaster Okawaru
  6667 | D:9      | Noticed Erica
  6811 | D:9      | HP: 1/91 [something/orb of energy (22)]
  6825 | D:9      | Killed Erica
  6825 | D:9      | Reached * piety under Okawaru
  6825 | D:9      | Reached XP level 11. HP: 29/67 MP: 11/11
  7177 | D:9      | Found Mocvudet's Gadget Shop.
  7194 | D:9      | Noticed Grum
  7207 | D:9      | Killed Grum
  7232 | D:9      | Found Riba Gai's Book Emporium.
  7319 | D:9      | Found a shimmering altar of Xom.
  7321 | D:9      | Found a shimmering altar of Xom.
  7321 | D:9      | Found an opulent altar of Gozag.
  7323 | D:9      | Found a deep blue altar of Sif Muna.
  7323 | D:9      | Found a deep blue altar of Sif Muna.
  7323 | D:9      | Found a burning altar of Makhleb.
  7374 | D:9      | Reached ** piety under Okawaru
  7412 | D:9      | Found a sparkling altar of Nemelex Xobeh.
  7488 | D:9      | Found Faecisk's Gadget Shoppe.
  7583 | D:9      | Found a staircase to the Orcish Mines.
  7888 | D:10     | Entered Level 10 of the Dungeon
  7913 | D:10     | Found Jezxowk's General Store.
  7920 | D:10     | Bought the cursed ring "Afez Paoph" {*Drain +Inv AC-3 Slay+3} for 175 gold pieces
  8032 | D:10     | Found Verhot's Assorted Antiques.
  8035 | D:10     | Bought a potion of heal wounds for 100 gold pieces
  8035 | D:10     | Bought a scroll of identify for 40 gold pieces
  8035 | D:10     | Bought a scroll labeled KIEFIA KACYD for 20 gold pieces
  8174 | D:10     | Found Hemer's Magic Scroll Shoppe.
  8179 | D:10     | Bought a scroll of enchant armour for 90 gold pieces
  8179 | D:10     | Bought a scroll of fear for 42 gold pieces
  8179 | D:10     | Bought a scroll of enchant armour for 90 gold pieces
  8179 | D:10     | Bought a scroll of teleportation for 36 gold pieces
  8190 | D:10     | Found Inycumish's Book Emporium.
  8383 | D:10     | Noticed a two-headed ogre
  8389 | D:10     | Killed a two-headed ogre
  8389 | D:10     | Reached skill level 1 in Invocations
  8390 | D:10     | Found Wuneyky's Assorted Antiques.
  8399 | D:10     | Bought a scroll labeled BOPREO QUELI for 23 gold pieces
  8399 | D:10     | Bought a scroll labeled EFUTZO UZOESIA for 23 gold pieces
  8560 | D:10     | Noticed a manticore
  8568 | D:10     | Killed a manticore
  8986 | D:11     | Noticed a cyclops
  8999 | D:11     | Noticed a cyclops
  9005 | D:11     | Hit by a large rock thrown by a cyclops

Vault maps used:
D:1:      eino_arrival_tree_alley, corexii_corridor_pit, minmay_close_crescents
D:2:      evilmike_ruin_ashenzari, lemuel_coloured_pillars_altar,
          roderic_roman_lattice, bloody_trog
D:4:      nicolae_overflow_crystal_walls, minmay_misc_feat_encased,
          minmay_misc_feat_plants
D:5:      gammafunk_temple_of_torment, first_ration, kennysheep_flooded_box
D:6:      portal_sewer_entry_b, uniq_menkaure
D:7:      lemuel_round_altar, minmay_temple_entry_hall,
          minmay_gold_behind_fungi, dk_yredelemnul_ordeal, uniq_duvessa,
          uniq_joseph
D:8:      minitemple, erik_lair_orcish_takeover
D:9:      nemelex_xobeh_ov_fountains_minmay, doesnt_xom_only_xom, david_orc_2,
          serial_shops, shop, shop, nicolae_shop_crystal, uniq_grum, uniq_erica
D:10:     serial_shops, shop, kennysheep_little_box,
          nicolae_shop_temple_entry_statues_fountains, shop,
          nicolae_shop_behind_doors
D:11:     enter_bailey_7, trove_entry_hex_spiral, hangedman_ranch, uniq_urug
Temple:   minmay_temple_curvy_loop
Sewer:    sewer_kobolds

Skill      XL: |  1  2  3  4  5  6  7  8  9 10 11 |
---------------+----------------------------------+-----
Axes           | 2 3 4 5 6 8 10 11 12 | 12.4
Fighting       | 4 7 |  7.8
Armour         | 4 7 |  7.7
Shields        | 4 7 |  7.8
Invocations    | 2 |  2.1

Action                   |  1- 3 |  4- 6 |  7- 9 | 10-12 || total
-------------------------+-------+-------+-------+-------++-------
Melee: War axe           |   106 |   140 |   297 |   319 ||   862
       Unarmed           |       |       |     4 |       ||     4
Invok: Heroism           |       |       |       |     2 ||     2
  Use: Scroll            |       |       |     8 |     2 ||    10
       Potion            |       |       |       |     4 ||     4
  Eat: Chunk             |       |     5 |     9 |    13 ||    27
       Ration            |       |       |       |     2 ||     2
Armor: Scale mail        |    74 |    72 |   114 |   119 ||   379
Dodge: Dodged            |    50 |    51 |    92 |   113 ||   306
       Deflected         |       |       |     5 |    10 ||    15
Block: Shield            |    81 |    76 |   112 |   114 ||   383
       Large shield      |       |       |       |    32 ||    32

Table legend:
 A = Spawn XP
 B = Non-spawn XP
 C = Spawn XP percentage of total XP
 D = Spawn monster count
 E = Non-spawn monster count
 F = Spawn count percentage of total count
 G = Total turns spent on level
                    A         B        C        D         E        F      G
               +---------+---------+-------+---------+---------+-------+---------
         Total |       0 |   13973 |   0.0 |       0 |     252 |   0.0 |  9005
               +---------+---------+-------+---------+---------+-------+---------
           D:1 |       0 |      24 |   0.0 |       0 |      19 |   0.0 |   389
           D:2 |       0 |      58 |   0.0 |       0 |      14 |   0.0 |   553
           D:3 |       0 |     122 |   0.0 |       0 |      24 |   0.0 |   726
           D:4 |       0 |     205 |   0.0 |       0 |       9 |   0.0 |   663
           D:5 |       0 |     901 |   0.0 |       0 |      23 |   0.0 |   751
           D:6 |       0 |    1815 |   0.0 |       0 |      26 |   0.0 |   904
           D:7 |       0 |    1559 |   0.0 |       0 |      27 |   0.0 |   966
           D:8 |       0 |    4173 |   0.0 |       0 |      50 |   0.0 |  1397
           D:9 |       0 |    2582 |   0.0 |       0 |      35 |   0.0 |  1120
          D:10 |       0 |    1425 |   0.0 |       0 |       6 |   0.0 |  1060
          D:11 |       0 |     985 |   0.0 |       0 |       9 |   0.0 |    57
         Sewer |       0 |     124 |   0.0 |       0 |      10 |   0.0 |   204
               +---------+---------+-------+---------+---------+-------+---------
